| TOP OF THE 1ST |
|
Brockton Rox batting - Pitching for London Majors : LHP Raul Pimentel
|
|
Pitching: LHP Raul Pimentel
|
|
|
Batting: LHB Eric Gaugler
|
0-0: Ball 1-0: Ball 2-0: Ground out 6-3 (Groundball, 4MS, EV 85.0 MPH)
|
|
Batting: RHB Joe Lewis
|
0-0: Ball 1-0: Ball 2-0: Swinging Strike 2-1: Fly out, F8 (Flyball, 78D, EV 89.4 MPH)
|
|
Batting: RHB Bob Reichley
|
0-0: Ball 1-0: Ball 2-0: Ball 3-0: Base on Balls
|
|
Batting: RHB Luis Nino
|
0-0: Called Strike 0-1: Ball 1-1: Ball 2-1: Ball 3-1: Fielders Choice at 2nd, 6-4 (Groundball, 6, EV 81.9 MPH)
|
| Top of the 1st over - 0 runs, 0 hits, 0 errors, 1 left on base; Brockton 0 - London 0 |
| BOTTOM OF THE 1ST |
|
London Majors batting - Pitching for Brockton Rox : RHP Wayne Whimster
|
|
Pitching: RHP Wayne Whimster
|
|
|
Batting: LHB Edwin Esparza
|
0-0: Ball 1-0: Ball 2-0: Ball 3-0: Base on Balls
|
|
Batting: SHB Toby Patenaude
|
0-0: Ball 1-0: Foul Ball, location: 2F 1-1: Called Strike 1-2: Ball Pickoff Throw by Catcher to First - Out! 2-2: Ball 3-2: SINGLE (Flyball, 8LS, EV 95.0 MPH)
|
|
Batting: RHB Brandon Williams
|
0-0: Ball Toby Patenaude steals 2nd base 1-0: Foul Ball, location: 2F 1-1: Foul Ball, location: 2F 1-2: Ball 2-2: Fly out, F9 (Flyball, 9, EV 93.1 MPH)
|
|
Batting: RHB Cedric Nicholls
|
0-0: Ball 1-0: Foul Ball, location: 2F 1-1: Swinging Strike 1-2: Ball 2-2: Ball 3-2: Strikes out swinging
|
| Bottom of the 1st over - 0 runs, 1 hit, 0 errors, 1 left on base; Brockton 0 - London 0 |
| TOP OF THE 2ND |
|
Brockton Rox batting - Pitching for London Majors : LHP Raul Pimentel
|
|
Batting: RHB Jose Blocker
|
0-0: Ball 1-0: Called Strike 1-1: Ball 2-1: Foul Ball, location: 2F 2-2: Strikes out looking
|
|
Batting: LHB Alexis Toxqui
|
0-0: Ball 1-0: Called Strike 1-1: Foul Ball, location: 2F 1-2: Foul Ball, location: 2F 1-2: Strikes out looking
|
|
Batting: RHB Rob Romero
|
0-0: Ball 1-0: Called Strike 1-1: Swinging Strike 1-2: Strikes out swinging
|
| Top of the 2nd over - 0 runs, 0 hits, 0 errors, 0 left on base; Brockton 0 - London 0 |
| BOTTOM OF THE 2ND |
|
London Majors batting - Pitching for Brockton Rox : RHP Wayne Whimster
|
|
Batting: RHB Cormackle Poohdatoot
|
0-0: Called Strike 0-1: Ball 1-1: Ball 2-1: Ball 3-1: Swinging Strike 3-2: SINGLE (Groundball, 6D, EV 98.8 MPH)
|
|
Batting: SHB Steve Ramsey
|
0-0: Ball 1-0: Grounds into double play, 4-6-3 (Groundball, 4, EV 86.2 MPH)
|
|
Batting: RHB Tom Bergman
|
0-0: Foul Ball, location: 2F 0-1: Foul Ball, location: 2F 0-2: Ball 1-2: Strikes out swinging
|
| Bottom of the 2nd over - 0 runs, 1 hit, 0 errors, 0 left on base; Brockton 0 - London 0 |
| TOP OF THE 3RD |
|
Brockton Rox batting - Pitching for London Majors : LHP Raul Pimentel
|
|
Batting: RHB Wayne Whimster
|
0-0: Ball 1-0: Ball 2-0: Ball 3-0: Called Strike 3-1: Swinging Strike 3-2: Strikes out looking
|
|
Batting: LHB Darby Starburster
|
0-0: Swinging Strike 0-1: Swinging Strike 0-2: Strikes out swinging
|
|
Batting: LHB Eric Gaugler
|
0-0: Swinging Strike 0-1: Ball 1-1: Swinging Strike 1-2: Strikes out swinging
|
| Top of the 3rd over - 0 runs, 0 hits, 0 errors, 0 left on base; Brockton 0 - London 0 |
| BOTTOM OF THE 3RD |
|
London Majors batting - Pitching for Brockton Rox : RHP Wayne Whimster
|
|
Batting: RHB Lewis O'Connell
|
0-0: Foul Ball, location: 2F 0-1: Called Strike 0-2: Hit by Pitch
|
|
Batting: RHB Carlos Murillo
|
0-0: DOUBLE (Flyball, 9LD, EV 96.2 MPH) Lewis O'Connell to third
|
|
Batting: LHB Edwin Esparza
|
0-0: Foul Ball, location: 2F 0-1: Ball 1-1: Foul Ball, location: 2F 1-2: Fly out, F7 (Line Drive, 7LM, EV 93.1 MPH) Runner from 3rd tags up, SCORES, throw by LF
|
|
Batting: SHB Toby Patenaude
|
0-0: Called Strike 0-1: Foul Ball, location: 2F 0-2: Ball 1-2: Strikes out swinging
|
|
Batting: RHB Brandon Williams
|
0-0: Called Strike 0-1: Ball 1-1: Foul Ball, location: 2F 1-2: Ball 2-2: Foul Ball, location: 2F 2-2: Ball 3-2: Fly out, F7 (Flyball, 7D, EV 83.8 MPH)
|
| Bottom of the 3rd over - 1 run, 1 hit, 0 errors, 1 left on base; Brockton 0 - London 1 |
| TOP OF THE 4TH |
|
Brockton Rox batting - Pitching for London Majors : LHP Raul Pimentel
|
|
Batting: RHB Joe Lewis
|
0-0: Fly out, F3 (Popup, 3F, EV 75.0 MPH)
|
|
Batting: RHB Bob Reichley
|
0-0: Foul Ball, location: 2F 0-1: SINGLE (Groundball, 34D, EV 108.1 MPH)
|
|
Batting: RHB Luis Nino
|
0-0: Called Strike 0-1: Ball 1-1: Fly out, F8 (Flyball, 8RD, EV 86.2 MPH)
|
|
Batting: RHB Jose Blocker
|
0-0: Ball 1-0: Ball 2-0: Called Strike 2-1: Foul Ball, location: 2F 2-2: Foul Ball, location: 2F 2-2: Strikes out swinging
|
| Top of the 4th over - 0 runs, 1 hit, 0 errors, 1 left on base; Brockton 0 - London 1 |
| BOTTOM OF THE 4TH |
|
London Majors batting - Pitching for Brockton Rox : RHP Wayne Whimster
|
|
Batting: RHB Cedric Nicholls
|
0-0: Ball 1-0: Ball 2-0: Ball 3-0: Called Strike 3-1: Fly out, F8 (Flyball, 8RD, EV 98.8 MPH)
|
|
Batting: RHB Cormackle Poohdatoot
|
0-0: Ball 1-0: Ball 2-0: Ball 3-0: Base on Balls
|
|
Batting: SHB Steve Ramsey
|
0-0: Ball 1-0: Called Strike 1-1: Swinging Strike 1-2: Strikes out swinging
|
|
Batting: RHB Tom Bergman
|
0-0: Fielders Choice at 2nd, 6-4 (Groundball, 6, EV 107.5 MPH)
|
| Bottom of the 4th over - 0 runs, 0 hits, 0 errors, 1 left on base; Brockton 0 - London 1 |
| TOP OF THE 5TH |
|
Brockton Rox batting - Pitching for London Majors : LHP Raul Pimentel
|
|
Batting: LHB Alexis Toxqui
|
0-0: Ball 1-0: Ball 2-0: Called Strike 2-1: DOUBLE (Line Drive, 8RD, EV 98.1 MPH)
|
|
Batting: RHB Rob Romero
|
0-0: Ball 1-0: Ball 2-0: SINGLE (Groundball, P, EV 85.0 MPH) (infield hit) Alexis Toxqui to third
|
|
Batting: RHB Wayne Whimster
|
0-0: Ball 1-0: Foul Ball, location: 2F 1-1: Swinging Strike 1-2: Fly out, F9 (Flyball, 89M, EV 89.4 MPH)
|
|
Batting: LHB Darby Starburster
|
0-0: Called Strike 0-1: Ball 1-1: Fielders Choice at 2nd, 6-4 (Groundball, 6, EV 93.8 MPH) Alexis Toxqui scores
|
|
Batting: LHB Eric Gaugler
|
0-0: Ball 1-0: Called Strike 1-1: Foul Ball, location: 2F 1-2: Ball 2-2: Fly out, F7 (Line Drive, 7LS, EV 92.5 MPH)
|
| Top of the 5th over - 1 run, 2 hits, 0 errors, 1 left on base; Brockton 1 - London 1 |
| BOTTOM OF THE 5TH |
|
London Majors batting - Pitching for Brockton Rox : RHP Wayne Whimster
|
|
Batting: RHB Lewis O'Connell
|
0-0: Ball 1-0: Ball 2-0: Foul Ball, location: 2F 2-1: Ball 3-1: Fly out, F8 (Flyball, 8LXD, EV 89.4 MPH)
|
|
Batting: RHB Carlos Murillo
|
0-0: Foul Ball, location: 2F 0-1: Ball 1-1: Foul Ball, location: 2F 1-2: Foul Ball, location: 2F 1-2: Strikes out swinging
|
|
Batting: LHB Edwin Esparza
|
0-0: Ball 1-0: Ball 2-0: Called Strike 2-1: Foul Ball, location: 2F 2-2: Ball 3-2: Fly out, F8 (Flyball, 78XD, EV 95.6 MPH)
|
| Bottom of the 5th over - 0 runs, 0 hits, 0 errors, 0 left on base; Brockton 1 - London 1 |
| TOP OF THE 6TH |
|
Brockton Rox batting - Pitching for London Majors : LHP Raul Pimentel
|
|
Batting: RHB Joe Lewis
|
0-0: Ball 1-0: Called Strike 1-1: Foul Ball, location: 2F 1-2: Strikes out swinging
|
|
Batting: RHB Bob Reichley
|
0-0: Ball 1-0: Called Strike 1-1: Ball 2-1: Swinging Strike 2-2: Strikes out swinging
|
|
Batting: RHB Luis Nino
|
0-0: Foul Ball, location: 2F 0-1: Ball 1-1: Ball 2-1: Called Strike 2-2: SOLO HOME RUN (Line Drive, 7D, EV 103.1 MPH), Distance : 392 ft
|
|
Batting: RHB Jose Blocker
|
0-0: Called Strike 0-1: Ball 1-1: Swinging Strike 1-2: Strikes out swinging
|
| Top of the 6th over - 1 run, 1 hit, 0 errors, 0 left on base; Brockton 2 - London 1 |
| BOTTOM OF THE 6TH |
|
London Majors batting - Pitching for Brockton Rox : RHP Wayne Whimster
|
|
Batting: SHB Toby Patenaude
|
0-0: Ground out 4-3 (Groundball, 4, EV 87.5 MPH)
|
|
Batting: RHB Brandon Williams
|
0-0: Ball 1-0: Called Strike 1-1: Ball 2-1: Foul Ball, location: 2F 2-2: Ball 3-2: SINGLE (Groundball, 5S, EV 62.5 MPH) (infield hit)
|
|
Batting: RHB Cedric Nicholls
|
0-0: Called Strike 0-1: Foul Ball, location: 2F 0-2: Ball 1-2: Foul Ball, location: 2F 1-2: Ball 2-2: Strikes out swinging
|
|
Pinch Hitting: SHB Joe Loveless
|
0-0: Called Strike 0-1: Swinging Strike 0-2: Ball 1-2: Ball 2-2: Ball 3-2: Base on Balls Brandon Williams to second
|
|
Batting: SHB Steve Ramsey
|
0-0: Ball 1-0: Ball 2-0: Foul Ball, location: 2F 2-1: Foul Ball, location: 2F 2-2: Fly out, F8 (Flyball, 8RD, EV 97.5 MPH)
|
| Bottom of the 6th over - 0 runs, 1 hit, 0 errors, 2 left on base; Brockton 2 - London 1 |
| TOP OF THE 7TH |
|
Brockton Rox batting - Pitching for London Majors : LHP Raul Pimentel
|
|
Now at 1B: Joe Loveless
|
|
|
Batting: LHB Alexis Toxqui
|
0-0: Called Strike 0-1: Foul Ball, location: 2F 0-2: Ball 1-2: Foul Ball, location: 2F 1-2: Ball 2-2: Ball 3-2: Strikes out looking
|
|
Batting: RHB Rob Romero
|
0-0: Ground out 3-1 (Groundball, 34, EV 98.8 MPH)
|
|
Batting: RHB Wayne Whimster
|
0-0: Called Strike 0-1: Called Strike 0-2: Ball 1-2: Strikes out swinging
|
| Top of the 7th over - 0 runs, 0 hits, 0 errors, 0 left on base; Brockton 2 - London 1 |
| BOTTOM OF THE 7TH |
|
London Majors batting - Pitching for Brockton Rox : RHP Wayne Whimster
|
|
Pitching: RHP Robby Arce
|
|
|
Pinch Hitting: RHB Mel Bohorquez
|
0-0: Foul Ball, location: 2F 0-1: Ball 1-1: Foul Ball, location: 2F 1-2: Ball 2-2: Foul Ball, location: 2F 2-2: Foul Ball, location: 2F 2-2: Ball 3-2: Fly out, F8 (Line Drive, 89M, EV 88.8 MPH)
|
|
Pinch Hitting: RHB Manny Corral
|
0-0: Foul Ball, location: 2F 0-1: Foul Ball, location: 2F 0-2: Ball 1-2: Foul Ball, location: 2F 1-2: Fly out, F8 (Flyball, 8RM, EV 88.1 MPH)
|
|
Batting: RHB Carlos Murillo
|
0-0: Called Strike 0-1: Ball 1-1: Ball 2-1: Ball 3-1: Base on Balls
|
|
Batting: LHB Edwin Esparza
|
0-0: Called Strike 0-1: Foul Ball, location: 2F 0-2: Ball 1-2: Ball 2-2: Foul Ball, location: 2F 2-2: Ground out 4-3 (Groundball, 4, EV 93.1 MPH)
|
| Bottom of the 7th over - 0 runs, 0 hits, 0 errors, 1 left on base; Brockton 2 - London 1 |
| TOP OF THE 8TH |
|
Brockton Rox batting - Pitching for London Majors : LHP Raul Pimentel
|
|
Now at 3B: Manny Corral
|
|
|
Now at SS: Carlos Murillo
|
|
|
Now in LF: Salvador Ramos
|
|
|
Batting: LHB Darby Starburster
|
0-0: Called Strike 0-1: Ball 1-1: Ball 2-1: Called Strike 2-2: Strikes out swinging
|
|
Batting: LHB Eric Gaugler
|
0-0: Ball 1-0: Called Strike 1-1: Foul Ball, location: 2F 1-2: Ground out 4-3 (Groundball, 4, EV 100.0 MPH)
|
|
Batting: RHB Joe Lewis
|
0-0: Called Strike 0-1: Fly out, F4 (Popup, 4D, EV 66.9 MPH)
|
| Top of the 8th over - 0 runs, 0 hits, 0 errors, 0 left on base; Brockton 2 - London 1 |
| BOTTOM OF THE 8TH |
|
London Majors batting - Pitching for Brockton Rox : RHP Robby Arce
|
|
Batting: SHB Toby Patenaude
|
0-0: Ball 1-0: SINGLE (Groundball, 4D, EV 105.0 MPH)
|
|
Batting: RHB Brandon Williams
|
0-0: Foul Ball, location: 2F 0-1: Foul Ball, location: 2F 0-2: Fly out, F8 (Line Drive, 89D, EV 85.6 MPH)
|
|
Batting: RHB Chad Colyer
|
0-0: Ball 1-0: Foul Ball, location: 2F 1-1: Foul Ball, location: 2F 1-2: Foul Ball, location: 2F 1-2: Foul Ball, location: 2F 1-2: Ball 2-2: Ball 3-2: 2-RUN HOME RUN (Flyball, 7D, EV 100.0 MPH), Distance : 385 ft
|
|
Batting: SHB Joe Loveless
|
0-0: Called Strike 0-1: Ground out 3-1 (Groundball, 34S, EV 90.0 MPH)
|
|
Batting: SHB Steve Ramsey
|
0-0: Fly out, F7 (Flyball, 7S, EV 94.4 MPH)
|
| Bottom of the 8th over - 2 runs, 2 hits, 0 errors, 0 left on base; Brockton 2 - London 3 |
| TOP OF THE 9TH |
|
Brockton Rox batting - Pitching for London Majors : LHP Raul Pimentel
|
|
Pitching: RHP Chris Mansfield
|
|
|
Now at 1B: Joy-shan Li
|
|
|
Batting: RHB Bob Reichley
|
0-0: Ball 1-0: Called Strike 1-1: Fly out, F5 (Popup, 25F, EV 85.0 MPH)
|
|
Batting: RHB Luis Nino
|
0-0: Ball 1-0: SOLO HOME RUN (Flyball, 78XD, EV 102.5 MPH), Distance : 416 ft
|
|
Pinch Hitting: SHB Jose Santiago
|
0-0: Foul Ball, location: 2F 0-1: Ball 1-1: Ball 2-1: Foul Ball, location: 2F 2-2: Strikes out swinging
|
|
Pinch Hitting: RHB Matt Walker
|
0-0: Called Strike 0-1: Fly out, F7 (Flyball, 7S, EV 75.6 MPH)
|
| Top of the 9th over - 1 run, 1 hit, 0 errors, 0 left on base; Brockton 3 - London 3 |
| BOTTOM OF THE 9TH |
|
London Majors batting - Pitching for Brockton Rox : RHP Robby Arce
|
|
Now at 1B: Eric McClelland
|
|
|
Now in RF: Isaiah Spitzbarth
|
|
|
Pinch Hitting: SHB Mike Fermin
|
0-0: Called Strike 0-1: Ball 1-1: Swinging Strike 1-2: Ball 2-2: Ball 3-2: Base on Balls
|
|
Pitching: LHP Luis Izquierdo
|
|
|
Batting: RHB Manny Corral
|
0-0: Fly out, F3 (Popup, 3SF, EV 75.6 MPH)
|
|
Batting: RHB Carlos Murillo
|
0-0: Called Strike Mike Fermin steals 2nd base 0-1: Ball 1-1: Intentional Walk
|
|
Batting: LHB Edwin Esparza
|
0-0: Ball 1-0: Ball 2-0: Ball Mike Fermin steals 3rd base 3-0: Base on Balls Carlos Murillo to second
|
|
Batting: SHB Toby Patenaude
|
0-0: Foul Ball, location: 2F 0-1: Fly out, F7 (Flyball, 7D, EV 106.9 MPH) Runner from 3rd tags up, SCORES, throw by LF
|
| Bottom of the 9th over - 1 run, 0 hits, 0 errors, 2 left on base; Brockton 3 - London 4 |
|